 Dungeon Crawl Stone Soup version 0.17-a0-1591-g7a45446 (webtiles) character file.

7899 fneyf the Thaumaturge (level 10, 0/73 HPs)
             Began as a Demigod Earth Elementalist on July 29, 2015.
             Slain by a rat (3 damage)
             ... on level 8 of the Dungeon.
             The game lasted 00:49:19 (12589 turns).

fneyf the Thaumaturge (Demigod Earth Elementalist) Turns: 12589, Time: 00:49:19

Health: 0/73       AC: 11    Str: 11    XL:     10   Next: 72%
Magic:  3/29       EV: 12    Int: 25    God:
Gold:   455        SH:  0    Dex: 16    Spells: 6 memorised, 12 levels left

rFire  . . .     SeeInvis .     q - +2 quarterstaff (chaos)
rCold  + . .     Clarity  .     z - +2 robe {rC+}
rNeg   . . .     SustAt   +     (no shield)
rPois  .         Gourm    .     p - +2 helmet
rElec  .         Spirit   .     r - +1 cloak {MR+}
rCorr  .         Warding  .     (no gloves)
rMut   .         Stasis   .     F - +1 pair of boots
MR     +++..                    (no amulet)
Stlth  +++.......               x - ring of stealth
                                e - ring of protection from magic

@: very slightly contaminated, extremely resistant to hostile enchantments,
fairly stealthy
A: high mp 1, sustain attributes
a: no special abilities


You were on level 8 of the Dungeon.
You were not hungry.

You visited 2 branches of the dungeon, and saw 10 of its levels.
You also visited: Ossuary.

You collected 455 gold pieces.

Inventory:

Hand weapons
 q - a +2 quarterstaff of chaos (weapon)
Missiles
 d - 42 stones (quivered)
 h - 3 javelins
Armour
 b - a +0 hat of magic resistance
 p - a +2 helmet (worn)
 r - a +1 cloak of magic resistance (worn)
 z - a +2 robe of cold resistance (worn)
 F - a +1 pair of boots (worn)
Magical staves
 a - an uncursed staff of summoning {unknown}
Jewellery
 e - a ring of protection from magic (left hand)
 x - a ring of stealth (right hand)
 y - an uncursed amulet of stasis
 P - an uncursed amulet of guardian spirit {unknown}
 Q - an uncursed ring of invisibility {unknown}
 V - an uncursed ring of fire {unknown}
Magical devices
 u - a wand of paralysis (14)
 G - a wand of frost (15)
 T - a wand of digging (14)
Scrolls
 k - a scroll of blinking
 n - a scroll of fear
 t - 2 scrolls of teleportation
 A - a scroll of remove curse
 M - a scroll of identify
 O - 2 scrolls of magic mapping
 S - a scroll of vulnerability {unknown}
Potions
 f - 2 potions of haste {unknown}
 i - a potion of curing
 j - a potion of cure mutation {unknown}
 s - 4 potions of brilliance
 B - a potion of invisibility {unknown}
 D - 4 potions of heal wounds {unknown}
 H - 2 potions of agility {unknown}
 I - 3 potions of flight {unknown}
 K - a potion of berserk rage {unknown}
 L - a potion of cancellation {unknown}
Comestibles
 c - a chunk of flesh
 g - 3 meat rations
 l - 7 fruits
 m - 2 royal jellies
 C - 2 beef jerkies
 E - 6 bread rations


   Skills:
 + Level 2.0 Fighting
 - Level 1.7 Dodging
 - Level 1.7 Stealth
 + Level 11.3 Spellcasting
 - Level 0.8 Transmutations
 + Level 9.7 Earth Magic


You had 12 spell levels left.
You knew the following spells:

 Your Spells              Type           Power        Failure   Level  Hunger
a - Sandblast             Erth           ######       1%          1    None
b - Stoneskin             Trmt/Erth      #####...     1%          2    None
c - Stone Arrow           Conj/Erth      #####.       1%          3    None
d - Lee's Rapid Deconstr  Erth           ######....   1%          5    ###....
e - Petrify               Trmt/Erth      #####...     6%          4    None
f - Airstrike             Air            ##........   50%         4    None


Dungeon Overview and Level Annotations

Branches:
Dungeon (9/15)             Temple (0/1) D:6            Lair (1/8) D:8
    Orc: D:9-12

Annotations:
Lair:1 Urug


Innate Abilities, Weirdness & Mutations

You have an increased reservoir of magic (+10% MP).
Your attributes are resistant to harm.


Message History

* * * LOW HITPOINT WARNING * * *
Drink which item? (? for menu, Esc to quit)
You feel better. The crocodile bites you!
* * * LOW HITPOINT WARNING * * *
Casting: Stone Arrow
Confirm with . or Enter, or press ? or * to list all spells.
You don't have enough magic to cast that spell.
Unknown command.
Casting: Stone Arrow
Confirm with . or Enter, or press ? or * to list all spells.
Okay, then.
Read which item? (? for menu, Esc to quit)
Blink to where?
Press: ? - help, Dir - move target cursor, p - crocodile You are very lightly contaminated with residual magic.
As you read the scroll of blinking, it crumbles to dust.
Unknown command.
A hungry ghost comes into view.
The rat bites you.
You die...

#######...##...#....####
#.................W....#####
#.#####....................#
#.# #..........PP..P.P...##
#.#####.####...PP.P...P.....#
#.#......).............P....#
#.#.###.##.#..P.PP####P...P.#
##.........###....P#.ยง#...P..#
.....###.##.#...@..#.[#.....##
.....<...###.#...rP#'##..P..#
###..###.# #.#..[Pt....P.P..#
###..###.###.#....(........##
..........##.#..P.P..P.P...#
###..###..##.#[..P..P.P....#
#.....)....#.###......##.#
#..###..####.# ####.#.##.#
#...(........# #....#.#


You could see a hungry ghost (wandering), a crocodile and a rat.

Vanquished Creatures
  Gastronok (Lair:1)
  Pikel (D:4)
  The ghost of Clst the Slasher, an experienced MiCK of Xom (D:6)
  A spiny frog (Lair:1)
  A two-headed ogre (D:8)
  Grinder (D:4)
  Sigmund (D:2)
  A spriggan (D:7)
  4 yaks (Lair:1)
  A basilisk (Lair:1)
  A deep elf fighter (D:8)
  2 porcupines (Lair:1)
  2 water moccasins
  3 ogres
  A slave (D:4)
  3 ice beasts
  2 phantoms
  An orc warrior (D:8)
  5 centaurs
  5 crocodiles
  3 giant frogs
  4 water moccasin zombies (Ossuary)
  2 scorpions
  3 jellies
  2 crimson imps (D:7)
  A centaur zombie (D:8)
  3 orc wizards
  Crazy Yiuf (D:2)
  2 giant frog skeletons (D:6)
  2 orc priests
  2 hounds
  4 iguanas
  4 worker ants
  Natasha (thrice) (D:2)
  A killer bee zombie (D:8)
  6 big kobold zombies (Ossuary)
  2 mummies (Ossuary)
  A worker ant zombie (D:5)
  6 river rats (D:8)
  4 gnolls (D:6)
  9 adders
  4 shadow imps
  An ooze (D:5)
  3 adder zombies (Ossuary)
  2 adder skeletons
  A worm (shapeshifter) (D:6)
  3 worms
  7 giant geckos
  24 orcs
  3 ball pythons
  26 bats
  5 giant cockroaches
  4 gnoll zombies (Ossuary)
  12 hobgoblins
  8 jackals
  12 kobolds
  A quokka (D:8)
  A giant gecko skeleton (D:8)
  3 giant newts
  12 goblins
  4 hobgoblin zombies (Ossuary)
  A jackal skeleton (D:6)
  3 kobold zombies (Ossuary)
  5 orc zombies (Ossuary)
  18 rats
266 creatures vanquished.

Vanquished Creatures (others)
  A hound (D:5)
  11 fungi
  3 plants (D:7)
15 creatures vanquished.

Grand Total: 281 creatures vanquished

Notes
Turn   | Place    | Note
--------------------------------------------------------------
     0 | D:1      | fneyf the Demigod Earth Elementalist began the quest for the Orb.
     0 | D:1      | Reached XP level 1. HP: 14/14 MP: 5/5
   544 | D:1      | Reached skill level 3 in Earth Magic
   544 | D:1      | Reached XP level 2. HP: 20/20 MP: 5/7
   548 | D:1      | Learned a level 2 spell: Stoneskin
   946 | D:2      | Noticed Natasha
   950 | D:2      | Killed Natasha
   950 | D:2      | Reached XP level 3. HP: 20/26 MP: 2/9
  1173 | D:2      | Noticed Sigmund
  1286 | D:2      | Learned a level 3 spell: Stone Arrow
  1420 | D:2      | Noticed Crazy Yiuf
  1428 | D:2      | Killed Crazy Yiuf
  1428 | D:2      | Reached XP level 4. HP: 24/33 MP: 5/11
  1569 | D:2      | Killed Sigmund
  1569 | D:2      | Reached skill level 4 in Earth Magic
  1569 | D:2      | Reached XP level 5. HP: 21/38 MP: 1/13
  1679 | D:2      | Learned a level 5 spell: Lee's Rapid Deconstruction
  1851 | D:2      | Noticed Natasha
  1856 | D:2      | Killed Natasha
  1881 | D:2      | Noticed Natasha
  1882 | D:2      | Killed Natasha
  1899 | D:2      | Found a deep blue altar of Sif Muna.
  2350 | D:3      | Found a faded altar to an unknown god.
  2353 | D:3      | Reached XP level 6. HP: 45/45 MP: 12/15
  2610 | D:3      | Found a white marble altar of Elyvilon.
  3232 | D:4      | Reached skill level 5 in Earth Magic
  3354 | D:4      | Found a stormy altar of Qazlal.
  3464 | D:4      | Noticed Pikel
  4105 | D:4      | Killed Pikel
  4105 | D:4      | Reached skill level 5 in Spellcasting
  4105 | D:4      | Reached XP level 7. HP: 32/50 MP: 2/19
  4278 | D:4      | Noticed Grinder
  4332 | D:4      | Killed Grinder
  4332 | D:4      | Reached skill level 6 in Spellcasting
  4421 | D:4      | Learned a level 4 spell: Petrify
  4582 | D:5      | Entered Level 5 of the Dungeon
  4618 | D:5      | Reached XP level 8. HP: 45/57 MP: 8/21
  4976 | D:5      | Reached skill level 7 in Spellcasting
  5656 | D:6      | Found a staircase to the Ecumenical Temple.
  6006 | D:6      | Noticed Clst's ghost (experienced MiCK)
  6585 | D:6      | Reached skill level 8 in Spellcasting
  6632 | D:6      | Killed Clst's ghost
  6938 | D:6      | Reached XP level 9. HP: 46/62 MP: 25/25
  7076 | D:7      | Found a sand-covered staircase.
  7097 | Ossuary  | Entered an ossuary
  7920 | D:7      | Reached skill level 9 in Spellcasting
  8029 | D:7      | Learned a level 4 spell: Airstrike
  8995 | D:8      | Found a burning altar of Makhleb.
  9069 | D:8      | Found an opulent altar of Gozag.
  9391 | D:8      | Reached skill level 10 in Spellcasting
  9992 | D:8      | Reached XP level 10. HP: 67/69 MP: 10/28
 10077 | D:8      | Found a staircase to the Lair.
 10268 | Lair:1   | Entered Level 1 of the Lair of Beasts
 10813 | Lair:1   | Noticed Gastronok
 11884 | Lair:1   | Killed Gastronok
 11884 | Lair:1   | Reached skill level 11 in Spellcasting
 12174 | Lair:1   | Reached skill level 1 in Fighting
 12528 | Lair:1   | Noticed Urug
 12584 | D:8      | HP: 3/73 [crocodile (5)]
 12589 | D:8      | Slain by a rat

Vault maps used:
D:1:      nagdon_arrival_double_spiral, minmay_misc_feat_more_columns
D:2:      led_sif_pool, uniq_natasha, uniq_crazy_yiuf_cottage, uniq_sigmund
D:3:      lemuel_crystal_altar, ecumenical_altar_2
D:4:      overflow_temple_1_default, uniq_pikel, uniq_grinder
D:5:      first_bread
D:6:      temple_fountains
D:7:      nicolae_ossuary_entry_plus, the_bakery, roderic_lattice_a,
          solitary_fountain, minmay_lizard_king
D:8:      nicolae_overflow_hidden_temple, grunt_lair_entry_elf_guard_hut,
          basic_altar
D:9:      okawaru_gym_becter, kennysheep_mini_moat, orc_0_dummy, basic_altar,
          uniq_erolcha
Lair:1:   lemuel_centaur_altar, uniq_harold, uniq_gastronok, uniq_urug
Ossuary:  ossuary_tomb_2

Action                   |  1- 3 |  4- 6 |  7- 9 | 10-12 || total
-------------------------+-------+-------+-------+-------++-------
Melee: Unarmed           |     1 |       |       |       ||     1
       Quarterstaff      |       |     2 |   367 |    44 ||   413
 Cast: Sandblast         |    41 |    94 |    27 |       ||   162
       Stone Arrow       |       |     9 |   147 |    83 ||   239
       Lee's Rapid Decon |       |       |     2 |     8 ||    10
       Stoneskin         |       |       |     1 |     1 ||     2
       Petrify           |       |       |       |     3 ||     3
Evoke: Wand              |       |       |       |     1 ||     1
  Use: Scroll            |     8 |     6 |     6 |     1 ||    21
       Potion            |       |       |       |     2 ||     2
 Stab: Sleeping          |       |       |     7 |       ||     7
       Paralysed         |       |       |     5 |       ||     5
       Confused          |       |       |     2 |       ||     2
  Eat: Chunk             |     1 |     8 |    11 |       ||    20
       Bread ration      |       |       |     1 |       ||     1
       Meat ration       |       |       |     1 |     2 ||     3
